 Dungeon Crawl Stone Soup version 0.18-a0-1805-g8ab820f (webtiles) character file.

110 Etesian the Chiller (level 4, 0/24 HPs)
             Began as a Deep Elf Ice Elementalist on Apr 26, 2016.
             Was an Initiate of Vehumet.
             Slain by a gnoll
             ... wielding a +0 halberd
              (7 damage)
             ... on level 3 of the Dungeon.
             The game lasted 00:09:08 (2640 turns).

Etesian the Chiller (Deep Elf Ice Elementalist)     Turns: 2640, Time: 00:09:08

Health: 0/24       AC:  3    Str:  5    XL:     4   Next: 61%
Magic:  8/11       EV: 13    Int: 21    God:    Vehumet [......]
Gold:   115        SH:  0    Dex: 15    Spells: 3 memorised, 3 levels left

rFire  . . .     SeeInvis .     t - +1 short sword
rCold  . . .     Gourm    .     a - +1 robe
rNeg   . . .     Faith    .     (no shield)
rPois  .         Spirit   .     (no helmet)
rElec  .         Dismiss  .     (no cloak)
rCorr  .         Reflect  .     (no gloves)
SustAt .         Harm     .     (no boots)
MR     .....                    (no amulet)
Stlth  ++........               (no ring)
                                (no ring)

@: not resistant to hostile enchantments, unstealthy
A: no striking features
a: Renounce Religion


You were on level 3 of the Dungeon.
You worshipped Vehumet.
Vehumet was noncommittal.
You were not hungry.

You visited 1 branch of the dungeon, and saw 3 of its levels.

You collected 115 gold pieces.

Inventory:

Hand Weapons
 t - a +1 short sword (weapon)
Armour
 a - a +1 robe (worn)
Scrolls
 h - a scroll of fear
 j - a scroll of enchant weapon
 k - a scroll of magic mapping
Potions
 f - a potion of agility
 m - a potion of degeneration {unknown}
 p - a potion of mutation {unknown}
Books
 b - a book of Frost

   Spells                             Type                      Level
   a - Freeze                         Ice                          1
   b - Throw Frost                    Conjuration/Ice              2
   c - Ozocubu's Armour               Charms/Ice                   3
   d - Throw Icicle                   Conjuration/Ice              4
   e - Summon Ice Beast               Ice/Summoning                4
Comestibles
 c - a bread ration
 d - 4 fruits
 g - 2 beef jerkies
 i - a slice of pizza
 l - 2 meat rations
 n - a chunk of flesh


   Skills:
 + Level 3.2 Dodging
 - Level 2.4 Stealth
 + Level 3.6 Spellcasting
 * Level 2.9 Conjurations
 * Level 4.4 Ice Magic


You had 3 spell levels left.
You knew the following spells:

 Your Spells              Type           Power        Failure   Level  Hunger
a - Freeze                Ice            ###.         1%          1    None
b - Throw Frost           Conj/Ice       ###...       4%          2    ##.....
c - Throw Icicle          Conj/Ice       ###.....     28%         4    ####...


Dungeon Overview and Level Annotations

Branches:
Dungeon (3/15)

Altars:
Trog
Vehumet

Annotations:
D:3 Ijyb


Message History

Confirm with . or Enter, or press ? or * to list all spells.
Aiming: Freeze
Press: ? - help, Shift-Dir - straight line, f/p - adder
Aim: an adder (moderately wounded, slow)
You freeze the adder.
The adder seems to slow down.
The adder is heavily wounded.
Ijyb hits you.
* * * LOW HITPOINT WARNING * * *
The adder closely misses you.
You take 3 damage, and have 1/24 hp.
You now have 8/11 mp.
Casting: Freeze
Confirm with . or Enter, or press ? or * to list all spells.
Aiming: Freeze
Press: ? - help, Shift-Dir - straight line, f/p - adder
Aim: an adder (heavily wounded, slow)
Okay, then.
Drink which item? (? for menu, Esc to quit)
You feel better.
The gnoll hits you from afar with a halberd!
You die...

..# ##.####### ...$.....#
##.#####.### #.# #.....# #
#.# #.....##### .#
###g###.........##.#
..#...g....รท..###....#
.......S@......# #..###
.<......###.##.)###..#
......#........).....#
............##.##.#..#
........###.##.##.#..#####
####....# #.......#.......
####. #.##.#####.##### #.
.....##.# .. #.##.#


You could see Ijyb, a gnoll and an adder.

Vanquished Creatures
  A gnoll (D:3)
  3 adders
  2 oozes
  2 worms (D:2)
  2 dart slugs (D:1)
  3 giant geckos
  An orc (D:3)
  A giant cockroach (D:1)
  4 goblins
  6 hobgoblins
  3 jackals (D:2)
  2 quokkas (D:2)
  8 bats
  A giant newt (D:2)
  5 kobolds
  11 rats
55 creatures vanquished.

Notes
Turn   | Place    | Note
--------------------------------------------------------------
     0 | D:1      | Etesian the Deep Elf Ice Elementalist began the quest for the Orb.
     0 | D:1      | Reached XP level 1. HP: 10/10 MP: 6/6
   177 | D:1      | Reached XP level 2. HP: 9/15 MP: 6/8
   184 | D:1      | Learned a level 2 spell: Throw Frost
   762 | D:1      | Reached skill level 4 in Ice Magic
   762 | D:1      | Reached XP level 3. HP: 16/19 MP: 4/9
  1707 | D:2      | Reached XP level 4. HP: 11/24 MP: 4/11
  2053 | D:2      | Noticed a moth of wrath
  2057 | D:2      | Found a bloodstained altar of Trog.
  2271 | D:2      | Learned a level 4 spell: Throw Icicle
  2479 | D:3      | Found a radiant altar of Vehumet.
  2488 | D:3      | Became a worshipper of Vehumet
  2564 | D:3      | Noticed Ijyb
  2639 | D:3      | HP: 1/24 [Ijyb (3)]
  2640 | D:3      | Slain by a gnoll

Vault maps used:
D:1:      onia_arrival_mini_spirals
D:2:      tgw_trog
D:3:      vehumet_crystals, minmay_fountain_box, minmay_misc_feat_ornament,
          uniq_iyjb

Skill      XL: |  1  2  3 |
---------------+----------+-----
Ice Magic      | 4 |  4.4
Conjurations   | 2 |  2.9
Dodging        | 3 |  3.2
Stealth        | |  2.4
Spellcasting   | |  3.6

Action                   |  1- 3 |  4- 6 || total
-------------------------+-------+-------++-------
Melee: Unarmed           |     7 |       ||     7
       Short sword       |     2 |     7 ||     9
 Cast: Freeze            |    60 |    25 ||    85
       Throw Frost       |     9 |     4 ||    13
  Use: Scroll            |       |    10 ||    10
       Potion            |       |     1 ||     1
 Stab: Sleeping          |     1 |     2 ||     3
  Eat: Chunk             |     3 |     2 ||     5
Armor: Robe              |     7 |       ||     7
Dodge: Dodged            |    33 |    17 ||    50
